 Dungeon Crawl Stone Soup version 0.29.1-2-gbd0b4ee654 (webtiles) character file.

Game seed: 6357565401082595000

49 DildoBatman the Conjurer (level 4, -1/29 (30) HPs)
             Began as a Formicid Conjurer on Nov 22, 2022.
             Slain by an orc wizard
             ... wielding a +0 dagger
              (4 damage)
             ... on level 3 of the Dungeon.
             The game lasted 00:03:36 (2683 turns).

DildoBatman the Conjurer (Formicid Conjurer)        Turns: 2683, Time: 00:03:37

HP:   -1/29 (30)    AC:  2    Str: 12    XL:     4   Next: 1%
MP:   3/7           EV: 12    Int: 19    God:
Gold: 194           SH:  0    Dex: 12    Spells: 4/7 levels left

rFire   . . .      SeeInvis +   g - +0 dagger
rCold   . . .      Faith    .   (no shield)
rNeg    . . .      Spirit   .   a - +0 robe
rPois   .          Reflect  .   (helmet unavailable)
rElec   .          Harm     .   (no cloak)
rCorr   .          Rampage  .   (no gloves)
Will    .....                   (no boots)
Stlth   ++........              (no amulet)
HPRegen 0.09/turn               (no ring)
MPRegen 0.10/turn               (no ring)

@: lightly drained
A: permanent stasis, dig shafts and tunnels, antennae 3, four strong arms
a: Dig, Shaft Self


You were on level 3 of the Dungeon.
You visited 1 branch of the dungeon, and saw 3 of its levels.

You collected 194 gold pieces.

Inventory:

Hand Weapons
 g - a +0 dagger (weapon)
Missiles
 c - 20 stones
 w - 2 boomerangs
Armour
 a - a +0 robe (worn)
Scrolls
 d - a scroll of magic mapping {unknown}
 e - a scroll of blinking {unknown}
 h - a scroll of vulnerability {unknown}
 j - 2 scrolls of silence {unknown}
 k - a scroll of amnesia {unknown}
 n - a scroll of immolation {unknown}
 o - 3 scrolls of identify {unknown}
 q - 2 scrolls of fog {unknown}
 r - a scroll of summoning {unknown}
 s - a scroll of acquirement {unknown}
Potions
 b - a potion of magic
 f - a potion of attraction {unknown}
 i - 2 potions of lignification {unknown}
 l - a potion of might {unknown}
 m - a potion of haste {unknown}
 p - 2 potions of flight {unknown}
 t - a potion of invisibility {unknown}
 u - 3 potions of curing {unknown}
 v - a potion of mutation {unknown}


   Skills:
 - Level 1.7 Dodging
 - Level 2.4 Stealth
 - Level 2.1 Spellcasting
 * Level 4.8 Conjurations


You had 4 spell levels left.
You knew the following spells:

 Your Spells              Type           Power      Damage    Failure   Level
a - Searing Ray           Conj           40%        2d5       3%          2
c - Magic Dart            Conj           80%        1d7       2%          1

Your spell library contained the following spells:

 Spells                   Type           Power      Damage    Failure   Level
 Shock                    Conj/Air       44%        1d5       6%          1
 Dazzling Flash           Conj/Hex       22%        N/A       19%         3
 Fulminant Prism          Conj/Hex       5%         3d7       52%         4
 Iskenderun's Mystic Bla  Conj/Tloc      11%        2d4       52%         4
 Airstrike                Air            1%         2d(1-17)  86%         4
 Corpse Rot               Necr/Pois/Air  2%         N/A       86%         4
 Dispel Undead            Necr           2%         3d7       86%         4
 Fireball                 Conj/Fire      5%         3d5       86%         5
 Death Channel            Necr           1%         N/A       100%        6
 Storm Form               Tmut/Air       1%         N/A       100%        7
 Swiftness                Air            Unusable   N/A       N/A         3

Dungeon Overview and Level Annotations

Branches:
Dungeon (3/15)

Altars:
Dithmenos
Fedhas
Makhleb
Yredelemnul
The Shining One

Annotations:
D:3 Natasha


Innate Abilities, Weirdness & Mutations

You cannot be hasted, slowed, berserked, paralysed or teleported.
You can dig through walls and to a lower floor.
You have a pair of large antennae on your head. (SInv)
Your four strong arms can wield two-handed weapons with a shield.


Message History

Orders for allies: a - Attack new target. p - Attack previous target. r - Retreat! s - Stop attacking. g - Guard the area. f - Follow me.
Anything else - Cancel.
You shout for attention!
The orc wizard closely misses you. What are your orders? t - Shout!
Orders for allies: a - Attack new target. p - Attack previous target. r - Retreat! s - Stop attacking. g - Guard the area. f - Follow me.
Anything else - Cancel.
You shout for attention!
The orc wizard closely misses you. What are your orders? t - Shout!
Orders for allies: a - Attack new target. p - Attack previous target. r - Retreat! s - Stop attacking. g - Guard the area. f - Follow me.
Anything else - Cancel.
You shout for attention!
The orc wizard points at you and mumbles some strange words.
The magic dart hits you. What are your orders? t - Shout!
Orders for allies: a - Attack new target. p - Attack previous target. r - Retreat! s - Stop attacking. g - Guard the area. f - Follow me.
Anything else - Cancel.
You shout for attention!
The orc wizard hits you with a +0 dagger.
What are your orders? t - Shout!
Orders for allies: a - Attack new target. p - Attack previous target. r - Retreat! s - Stop attacking. g - Guard the area. f - Follow me.
Anything else - Cancel.
You shout for attention!
The orc wizard hits you with a +0 dagger.
You die...

#############.# #.#
..............# #.#
######......################.#
.....'......##....[).<.......#
....##......##.###############
....+....#'###.#o......o {{
#...####.#.#
#.#o############## #...# #.#.#
#.#o##...........# #...# #.#.#
#.#@##.#########.# #...# #.#.#
#.#.##.# #.# #####
#.#.###.#.##.# #.#
#.#..........# #.#
#.#####.#.#### #.#
#.........############.#
#######.#..............#
#.#.##############
#.#.#......#.....#


You could see an orc wizard (invisible) and 2 orcs.

Vanquished Creatures
  2 worms
  2 dart slugs (D:1)
  2 orcs (D:3)
  A bat (D:2)
  5 endoplasms
  A giant cockroach (D:2)
  3 hobgoblins
  6 kobolds
  2 quokkas (D:2)
  3 ball pythons
  5 frilled lizards
  7 rats
39 creatures vanquished.

Vanquished Creatures (others)
  3 plants (D:3)
3 creatures vanquished.

Grand Total: 42 creatures vanquished

Notes
Turn   | Place    | Note
-------+----------+-------------------------------------------
     0 | D:1      | DildoBatman the Formicid Conjurer began the quest for the
                  | Orb.
     0 | D:1      | Reached XP level 1. HP: 13/13 MP: 3/3
   183 | D:1      | Reached skill level 4 in Conjurations
   183 | D:1      | Reached XP level 2. HP: 13/19 MP: 0/5
   189 | D:1      | Learned a level 2 spell: Searing Ray
   901 | D:2      | Reached XP level 3. HP: 24/24 MP: 0/6
  2290 | D:3      | Got the Directory of Molten Vapour
  2407 | D:3      | Found a shadowy altar of Dithmenos.
  2408 | D:3      | Found a basalt altar of Yredelemnul.
  2410 | D:3      | Found a burning altar of Makhleb.
  2410 | D:3      | Found a glowing golden altar of the Shining One.
  2413 | D:3      | Found a blossoming altar of Fedhas.
  2617 | D:3      | Noticed Natasha
  2673 | D:3      | Reached XP level 4. HP: 16/29 MP: 2/7
  2683 | D:3      | Slain by an orc wizard

Illustrated notes

Levels and vault maps discovered:
D:1:      psy_arrival_conway, layout_loops_ring, minmay_misc_feat_encased,
          roderic_malta_cross, minmay_tripent
D:2:      layout_basic, serial_glass, glass_columns_a, glass_columns_c
D:3:      corexii_shack_village, layout_basic, nicolae_overflow_hidden_temple,
          shapermc_ecumenical_altar_mp_vishouse, minmay_lizard_king,
          uniq_natasha

Skill      XL: |  1 |
---------------+----+-----
Conjurations   | 4 |  4.8
Dodging        | |  1.7
Stealth        | |  2.4
Spellcasting   | |  2.1

Action                   |  1- 3 |  4- 6 || total
-------------------------+-------+-------++-------
Melee: Unarmed           |    15 |       ||    15
       Dagger            |    17 |       ||    17
 Cast: Magic Dart        |    60 |       ||    60
       Searing Ray       |     4 |       ||     4
 Abil: Dig               |     1 |       ||     1
Armor: Robe              |     5 |       ||     5
Dodge: Dodged            |    25 |     3 ||    28
